 Dungeon Crawl Stone Soup version 0.31-a0-702-gf82c85558f (webtiles) character file.

Game seed: 2197437090818513916

156 qw the Shooter (level 5, -1/32 HPs)
             Began as a Gargoyle Hunter on Sept 7, 2023.
             Slain by Edmund
             ... wielding a +0 heavy flail
              (4 damage)
             ... on level 4 of the Dungeon.
             The game lasted 00:01:08 (2976 turns).

qw the Shooter (Gargoyle Hunter)                    Turns: 2976, Time: 00:01:09

Health: -1/32      AC: 12    Str: 15    XL:     5   Next: 38%
Magic:  5/5        EV: 11    Int: 13    God:
Gold:   146        SH:  0    Dex: 15    Spells: 4/4 levels left

rFire   . . .        Y - +0 shortbow (heavy)
rCold   . . .        (shield currently unavailable)
rNeg    + . .        a - +2 ring mail of the Eternal Void {rElec Int+4}
rPois   inf          j - +0 helmet
rElec   +            (no cloak)
rCorr   .            (no gloves)
SInv    .            (no boots)
Will    .....        i - amulet of faith
Stlth   +            (no ring)
HPRegen 0.25/turn    (no ring)
MPRegen 0.09/turn

%: faith
@: no status effects
A: sickness immunity, AC +4, negative energy resistance 1, electricity
resistance, torment resistance 1, petrification resistance
a: no special abilities


You were on level 4 of the Dungeon.
You visited 1 branch of the dungeon, and saw 4 of its levels.

You collected 146 gold pieces.


Innate Abilities, Weirdness & Mutations

You are immune to sickness and miasma.
Your stone body is resilient. (AC +4)
You are immune to poison.
You resist negative energy. (rN+)
You are resistant to electric shocks. (rElec)
You are resistant to unholy torment.
You are immune to petrification.


   Skills:
 + Level 3.2 Fighting
 - Level 6.0 Ranged Weapons
 - Level 1.0 Armour
 - Level 1.5 Dodging
 - Level 1.1 Stealth


You had 4 spell levels left.
You didn't know any spells.
Your spell library was empty.

Inventory:

Hand Weapons
 Y - a +0 heavy shortbow (weapon)
Armour
 a - the +2 ring mail of the Eternal Void (worn) {rElec Int+4}
   (You found it on level 3 of the Dungeon)

   Int+4:     It affects your intelligence (+4).
   rElec:     It insulates you from electricity.
 j - a +0 helmet (worn)
Jewellery
 i - an amulet of faith (around neck)
Scrolls
 k - a scroll of identify
Potions
 b - a potion of invisibility {unknown}
 c - a potion of lignification {unknown}
 d - a potion of curing {unknown}
 e - a potion of might
 f - 2 potions of cancellation {unknown}
 g - a potion of haste {unknown}
 h - a potion of resistance {unknown}

Dungeon Overview and Level Annotations

Branches:
Dungeon (4/15)
 Temple: D:4-7

Altars:

Annotations:
D:4 Edmund


Message History

You shoot an arrow.
The arrow hits the hobgoblin but does no damage.
You shoot an arrow. The arrow hits the hobgoblin.
The hobgoblin is heavily wounded.
The hobgoblin barely misses you.
Edmund says, "I might not be good at magic, but I can still kill you!"
You shoot an arrow. The arrow hits the hobgoblin.
You kill the hobgoblin!
The goblin hits you but does no damage. x3
You shoot an arrow. The arrow barely misses the goblin.
The goblin barely misses you. The goblin hits you but does no damage.
The goblin barely misses you. The goblin hits you with a +0 club.
Edmund says, "People will remember me!
They'll remember me and die!"
You shoot an arrow.
The arrow hits Edmund but does no damage.
The goblin hits you but does no damage.
Edmund zaps a wand.
The puff of flame misses you. The goblin closely misses you.
You shoot an arrow. The arrow completely misses Edmund.
Edmund closely misses you. The goblin completely misses you.
The goblin hits you but does no damage. The goblin closely misses you.
The goblin completely misses you. Edmund hits you with a +0 heavy flail.
You shoot an arrow. The arrow barely misses Edmund.
The goblin hits you but does no damage. The goblin completely misses you.
Edmund zaps a wand.
The puff of flame hits you.
The goblin hits you but does no damage. x2
You shoot an arrow. The arrow closely misses Edmund.
The goblin hits you but does no damage. Edmund hits you with a +0 heavy flail!
Ouch! That really hurt!
The goblin hits you but does no damage. x3
You shoot an arrow. The arrow hits Edmund!
Edmund is moderately wounded.
Edmund zaps a wand.
The puff of flame hits you but does no damage.
The goblin closely misses you. x2; Edmund barely misses you.
The goblin barely misses you. The goblin misses you.
You shoot an arrow. The arrow hits Edmund.
Edmund is moderately wounded.
The goblin hits you but does no damage. Edmund hits you with a +0 heavy flail.
You die...
Edmund says, "That'll show my brother!"

#......>........
#...
#######.........
##...
##...##...##....
#....
#....##...###+##
#.... #....##...#
#... #.....'...#
#... #....##...#
##..g##....##...#
+...g@.....######
#...@......#
#..........#
#..........#
##...##....# ####
######


You could see Edmund and 2 goblins.

Vanquished Creatures
  Robin (D:3)
  4 adders
  An ufetubus (D:4)
  2 worms (D:3)
  A dart slug (D:1)
  6 orcs (D:3)
  3 endoplasms
  2 giant cockroaches (D:1)
  12 hobgoblins
  8 quokkas
  5 ball pythons
  7 bats
  3 frilled lizards
  14 goblins
  10 kobolds
  5 rats
84 creatures vanquished.

Notes
Turn   | Place    | Note
-------+----------+-------------------------------------------
     0 | D:1      | qw the Gargoyle Hunter began the quest for the Orb.
     0 | D:1      | Reached XP level 1. HP: 12/12 MP: 1/1
     0 | D:1      | 0 ||| qw: Version: 0.3-a-76-g4403597
     0 | D:1      | 0 ||| qw: Game counter: 825
     0 | D:1      | 0 ||| qw: Melee chars always use a shield: true
     0 | D:1      | 0 ||| qw: God list: Okawaru
     0 | D:1      | 0 ||| qw: Allow faded altars: false
     0 | D:1      | 0 ||| qw: Do Orc after clearing Dungeon:15 true
     0 | D:1      | 0 ||| qw: Do second Lair branch before Depths: true
     0 | D:1      | 0 ||| qw: Lair rune preference: random
     0 | D:1      | 0 ||| qw: Goals: Normal
     0 | D:1      | 0 ||| PLANNING D:1-11
   229 | D:1      | Reached XP level 2. HP: 17/17 MP: 2/2
   742 | D:1      | 742 ||| UPGRADING to +0 ring mail.
   752 | D:1      | 752 ||| DROPPING +0 leather armour.
   753 | D:1      | 753 ||| READING scroll labelled BOLEME LOILLO.
   757 | D:1      | 757 ||| READING scroll labelled OPAATS SOZXUATA.
   758 | D:1      | 758 ||| DROPPING scroll of butterflies.
   834 | D:2      | Reached XP level 3. HP: 21/21 MP: 3/3
   868 | D:2      | Reached skill level 1 in Armour
   910 | D:2      | Reached skill level 5 in Ranged Weapons
  1211 | D:2      | Reached XP level 4. HP: 27/27 MP: 4/4
  1244 | D:2      | Reached skill level 3 in Fighting
  1671 | D:2      | 1671 ||| DROPPING ring of magical power.
  1672 | D:2      | 1672 ||| READING 2 scrolls labelled KASTRO LEEMIULL.
  1673 | D:2      | 1673 ||| DRINKING 2 smoky brown potions.
  1674 | D:2      | 1674 ||| DROPPING scroll of amnesia.
  1755 | D:3      | Identified the +2 ring mail of the Eternal Void {rElec
                  | Int+4}
  1906 | D:3      | Noticed Robin
  1917 | D:3      | Killed Robin
  1918 | D:3      | 1918 ||| FLEEEEING.
  1920 | D:3      | 1920 ||| FLEEEEING.
  2215 | D:3      | Reached XP level 5. HP: 32/32 MP: 5/5
  2491 | D:3      | HP: 8/32 [rat (1)]
  2496 | D:3      | HP: 5/32 [rat (1)]
  2504 | D:3      | HP: 4/32 [rat (2)]
  2506 | D:3      | HP: 1/32 [rat (3)]
  2811 | D:3      | 2811 ||| UPGRADING to +2 ring mail of the Eternal Void
                  | {rElec Int+4}.
  2821 | D:3      | 2821 ||| DROPPING +0 ring mail.
  2822 | D:3      | 2822 ||| UPGRADING to +0 helmet.
  2827 | D:3      | 2827 ||| UPGRADING to amulet of faith.
  2832 | D:3      | 2832 ||| READING scroll labelled WIACAS JEDESO.
  2833 | D:3      | 2833 ||| READING 2 scrolls labelled VOCHIU NAL ADE.
  2834 | D:3      | 2834 ||| READING scroll labelled ZICIOL CIASUU.
  2835 | D:3      | 2835 ||| READING scroll labelled HYWNEA ATHUR.
  2908 | D:4      | Reached skill level 6 in Ranged Weapons
  2966 | D:4      | Noticed Edmund
  2974 | D:4      | HP: 2/32 [Edmund/+0 heavy flail (17)]
  2976 | D:4      | Slain by Edmund

Levels and vault maps discovered:
D:1:      scummos_arrival_forest, layout_basic
D:2:      layout_basic, minmay_tetromino_s2
D:3:      layout_loops_corners, uniq_robin
D:4:      layout_gridville, nicolae_dithmenos_through_a_glass_darkly,
          nzn_wu_jian_council_hall, uniq_edmund, uniq_duvessa

Skill      XL: |  1  2  3  4  5 |
---------------+----------------+-----
Armour         | 1 |  1.0
Ranged Weapons | 5 6 |  6.0
Fighting       | 3 |  3.2
Dodging        | |  1.5
Stealth        | |  1.1

Action                     |  1- 3 |  4- 6 || total
---------------------------+-------+-------++-------
   Fire: Shortbow          |   124 |   161 ||   285
    Use: Scroll            |     2 |     5 ||     7
         Potion            |       |     1 ||     1
 Armour: Leather armour    |     8 |       ||     8
         Ring mail         |    32 |   140 ||   172
  Dodge: Dodged            |    27 |   136 ||   163

Table legend:
 A = Non-vault XP
 B = Vault XP
 C = Vault XP percentage of total XP
 D = Non-vault monster count
 E = Vault monster count
 F = Vault count percentage of total count
                 A         B        C        D         E       F
            +---------+---------+-------+---------+---------+-------
      Total |     185 |      39 |  17.4 |      70 |      14 |  16.7
            +---------+---------+-------+---------+---------+-------
        D:1 |      30 |       0 |   0.0 |      18 |       0 |   0.0
        D:2 |      68 |       3 |   4.2 |      25 |       2 |   7.4
        D:3 |      72 |      36 |  33.3 |      22 |      12 |  35.3
        D:4 |      15 |       0 |   0.0 |       5 |       0 |   0.0
            +---------+---------+-------+---------+---------+-------
